 Dungeon Crawl Stone Soup version 0.30.0-29-ga12c61a403 (webtiles) character file.

Game seed: 2119710108650315078

1211 booth the Stinger (level 8, -1/52 HPs)
             Began as a Demonspawn Venom Mage on June 4, 2023.
             Was an Initiate of Sif Muna.
             Splashed by a jelly's acid (4 damage)
             ... on level 6 of the Dungeon on June 5, 2023.
             The game lasted 00:53:35 (7687 turns).

booth the Stinger (Demonspawn Venom Mage)           Turns: 7687, Time: 00:53:36

Health: -1/52      AC:  4    Str: 11    XL:     8   Next: 22%
Magic:  0/13       EV: 13    Int: 16    God:    Sif Muna [......]
Gold:   370        SH:  0    Dex: 14    Spells: 3/14 levels left

rFire   + . .        f - +2 hand axe
rCold   + + .        (no shield)
rNeg    . . .        q - +2 robe {rC+ rF+}
rPois   .            (no helmet)
rElec   .            (no cloak)
rCorr   .            (no gloves)
SInv    .            (no boots)
Will    .....        (no amulet)
Stlth   ++           r - ring of protection from cold
HPRegen 0.28/turn    (no ring)
MPRegen 0.26/turn

%: guardian spirit
@: no status effects
A: claws 1, powered by pain 2, magic shield, magic regeneration, magic link
a: Renounce Religion


You were on level 6 of the Dungeon.
You worshipped Sif Muna.
Sif Muna was noncommittal.
You visited 2 branches of the dungeon, and saw 7 of its levels.

You collected 370 gold pieces.

Inventory:

Hand Weapons
 f - a +2 hand axe (weapon)
 i - a +1 short sword of draining
 l - a +0 dagger of venom
 o - a +2 flail of protection
Missiles
 d - 5 datura-tipped darts (quivered)
 k - 4 boomerangs
 m - a throwing net
Armour
 c - a +0 leather armour
 q - a +2 robe of resistance (worn)
Jewellery
 r - a ring of protection from cold (left claw)
Wands
 g - a wand of flame (13)
Scrolls
 a - 2 scrolls of poison
 h - 2 scrolls of enchant armour
 p - a scroll of magic mapping
Potions
 b - a potion of magic
 e - 3 potions of curing
 j - 2 potions of attraction


   Skills:
 + Level 2.6 Axes
 - Level 0.4(1.6) Maces & Flails
 + Level 2.8 Armour
 + Level 3.6 Dodging
 + Level 3.7 Stealth
 + Level 3.7 Spellcasting
 + Level 3.0 Transmutations
 + Level 2.7 Air Magic
 * Level 4.8 Poison Magic


You had 3 spell levels left.
You knew the following spells:

 Your Spells              Type           Power      Damage    Failure   Level
a - Sting                 Tmut/Pois      60%        1d6       3%          1
b - Poisonous Vapours     Pois/Air       30%        N/A       5%          2
c - Mephitic Cloud        Conj/Pois/Air  11%        N/A       19%         3
d - Olgreb's Toxic Radia  Pois           18%        N/A       24%         4
e - Sandblast             Erth           4%         2d4       17%         1

Your spell library contained the following spells:

 Spells                   Type           Power      Damage    Failure   Level
 Passwall                 Tmut/Erth      5%         N/A       14%         2
 Necrotise                Necr           8%         1d4       17%         1
 Stone Arrow              Conj/Erth      4%         3d7       45%         3
 Vampiric Draining        Necr           2%         2d6       45%         3
 Blade Hands              Tmut           6%         N/A       80%         5
 Animate Armour           Summ/Erth      4%         N/A       86%         4
 Agony                    Necr           2%         N/A       99%         5
 Iskenderun's Battlesphe  Conj           2%         2d6       99%         5
 Iron Shot                Conj/Erth      1%         9d1       100%        6
 Spellforged Servitor     Conj/Summ      1%         N/A       100%        7


Dungeon Overview and Level Annotations

Branches:
Dungeon (6/15)             Temple (1/1) D:5

Altars:
Ashenzari
Cheibriados
Dithmenos
Fedhas
Gozag
Hepliaklqana
Kikubaaqudgha
Makhleb
Nemelex Xobeh
Okawaru
Qazlal
Ru
Sif Muna
Trog
Uskayaw
Vehumet
Wu Jian
Xom
Yredelemnul

Shops:
D:5 :


Innate Abilities, Weirdness & Mutations

You have sharp fingernails.
You sometimes gain power by taking damage.
When hurt, damage is shared between your health and your magic reserves.
You regenerate magic rapidly.
When low on magic, you restore magic in place of health.


Message History

Your toxic aura wanes.
The orc throws a stone.
The stone completely misses you.
The orc throws a stone.
The stone misses you.
The orc throws a stone.
The stone hits you.
You kill the orc!
Sif Muna accepts your kill.
The orc warrior hits you from afar with a +0 halberd!
Casting: Olgreb's Toxic Radiance (quite dangerous; 24% risk of failure)
Confirm with . or Enter, or press ? or * to list all spells.
Aiming: Sting (safe; 3% risk of failure)
Press: ? - help, Shift-Dir - straight line, f - orc warrior
Aim: an orc warrior, wielding a +0 halberd, wearing a +0 plate armour, wearing a ring of magical power and carrying a wand of quicksilver (11) (moderately wounded, poisoned, 74% to hit)
The sting hits the orc warrior but does no damage.
The orc warrior looks even sicker.
The orc warrior is moderately wounded.
A jelly comes into view.
The orc warrior zaps a wand.
The bolt of dispelling energy hits you! The orc warrior closely misses you.
The jelly quivers.
The orc warrior completely misses you.
The orc warrior hits you with a +0 halberd.
You hit the orc warrior.
The orc warrior is heavily wounded.
The orc warrior zaps a wand.
The bolt of dispelling energy hits you!
* * * LOW HITPOINT WARNING * * *
Casting: Sting (safe; 3% risk of failure)
Confirm with . or Enter, or press ? or * to list all spells.
Aiming: Sting (safe; 3% risk of failure)
Press: ? - help, Shift-Dir - straight line, f/p - orc warrior
Aim: an orc warrior, wielding a +0 halberd, wearing a +0 plate armour, wearing a ring of magical power and carrying a wand of quicksilver (9) (heavily wounded, poisoned, 74% to hit)
The sting hits the orc warrior.
The orc warrior looks even sicker.
The orc warrior is severely wounded.
The orc warrior hits you with a +0 halberd!
* * * LOW HITPOINT WARNING * * *
The orc warrior attacks as you move away!
The orc warrior barely misses you. The orc warrior closely misses you.
The jelly attacks as you move away! The jelly hits you but does no damage.
The jelly attacks as you move away! The jelly barely misses you.
You hit the jelly.
Your claws burn!
You die...

##...##.##### #..##.##.#.#
####..####.....## ##..#.#..#.#
####....#.....###..##.....o.<##.#
#....####...#..###.#..###.......#
..#### ###..#........# ##.##).##
### ##.###...##.####. #.... #
#..##...........##.###
##.##.##...###...#.# #.##@#
...........# .####
#.##J####..###...##
......#...o..# .## #....###
#......#.# . #......# ####...#...
#.....#.#.. #.....#..##......##.
...)...##.....#...... ####..).#
#..#.#.#.### #.>......##.....# .


You could see an orc warrior (very poisoned) and a jelly.

Vanquished Creatures
  Sigmund (D:3)
  Edmund (D:5)
  An ice beast (D:5)
  2 phantoms
  A bullfrog (D:6)
  A gnoll sergeant (D:5)
  2 orc priests
  3 hounds (D:4)
  4 iguanas
  An orc wizard (D:5)
  Natasha (D:2)
  A sleepcap (D:5)
  3 gnolls (D:5)
  8 adders
  A shadow imp (D:5)
  3 worms
  A dart slug (D:1)
  7 orcs
  7 endoplasms
  2 giant cockroaches (D:1)
  8 goblins
  13 hobgoblins
  5 jackals
  5 kobolds
  5 quokkas
  7 ball pythons
  5 bats
  5 frilled lizards
  9 rats
113 creatures vanquished.

Vanquished Creatures (collateral kills)
  2 gnolls (D:5)
2 creatures vanquished.

Vanquished Creatures (others)
  2 orcs
2 creatures vanquished.

Grand Total: 117 creatures vanquished

Notes
Turn   | Place    | Note
-------+----------+-------------------------------------------
     0 | D:1      | booth the Demonspawn Venom Mage began the quest for the
                  | Orb.
     0 | D:1      | Reached XP level 1. HP: 13/13 MP: 3/3
   132 | D:1      | Reached skill level 1 in Transmutations
   371 | D:1      | Gained mutation: You regenerate magic rapidly. [demonic
                  | ancestry]
   371 | D:1      | Reached XP level 2. HP: 19/19 MP: 3/5
   385 | D:1      | Learned a level 2 spell: Poisonous Vapours
   807 | D:1      | Gained mutation: You sometimes gain a little power by
                  | taking damage. [demonic ancestry]
   807 | D:1      | Reached XP level 3. HP: 23/24 MP: 3/6
  1199 | D:2      | Noticed Natasha
  1524 | D:2      | Learned a level 3 spell: Mephitic Cloud
  1702 | D:2      | Gained mutation: When hurt, damage is shared between your
                  | health and your magic reserves. [demonic ancestry]
  1702 | D:2      | Reached XP level 4. HP: 27/30 MP: 5/7
  1942 | D:2      | Killed Natasha
  1943 | D:2      | Reached skill level 1 in Armour
  2000 | D:2      | Reached skill level 1 in Air Magic
  2610 | D:3      | Gained mutation: You sometimes gain power by taking damage.
                  | [demonic ancestry]
  2610 | D:3      | Reached XP level 5. HP: 33/35 MP: 4/8
  3413 | D:3      | Noticed Sigmund
  3429 | D:3      | Killed Sigmund
  3430 | D:3      | Reached skill level 1 in Axes
  3430 | D:3      | Gained mutation: When low on magic, you restore magic in
                  | place of health. [demonic ancestry]
  3430 | D:3      | Reached XP level 6. HP: 13/41 MP: 1/10
  3724 | D:4      | Found an opulent altar of Gozag.
  4892 | D:5      | Entered Level 5 of the Dungeon
  4920 | D:5      | Found Cyho's Self-Improvement Boutique.
  4927 | D:5      | Reached XP level 7. HP: 32/46 MP: 9/11
  4936 | D:5      | Learned a level 4 spell: Olgreb's Toxic Radiance
  4989 | D:4      | Reached skill level 4 in Poison Magic
  5258 | D:5      | Found a staircase to the Ecumenical Temple.
  5304 | Temple   | Entered the Ecumenical Temple
  5604 | Temple   | Became a worshipper of Sif Muna the Loreminder
  5887 | D:5      | Found an iron altar of Okawaru.
  6255 | D:5      | HP: 2/46 [poisoned by a gnoll sergeant]
  6722 | D:5      | Noticed Edmund
  6754 | D:5      | Killed Edmund
  6755 | D:5      | Gained mutation: You have sharp fingernails. [demonic
                  | ancestry]
  6755 | D:5      | Reached XP level 8. HP: 26/52 MP: 9/13
  7078 | D:6      | Found an ancient bone altar of Kikubaaqudgha.
  7103 | D:6      | HP: 1/52 [phantom (4)]
  7372 | D:6      | Learned a level 1 spell: Sandblast
  7687 | D:6      | Splashed by a jelly's acid

Illustrated notes

Levels and vault maps discovered:
D:1:      wheals_arrival_linesprint, layout_rooms, kennysheep_small_spiral
D:2:      layout_loops_corners, minivault_4, uniq_natasha
D:3:      minmay_door_path, layout_basic, minmay_misc_feat_columns, uniq_sigmund
D:4:      layout_basic, nicolae_gozag_cash_rules_everything_around_me
D:5:      layout_rooms, mainiacjoe_overflow_concentric_impassable,
          minmay_temple_entry_nine_rooms, nicolae_shop_self_help, uniq_edmund
D:6:      layout_rooms, mainiacjoe_overflow_boulevard
Temple:   eino_narrow_crystal_temple

Skill      XL: |  1  2  3  4  5  6  7  8 |
---------------+-------------------------+-----
Transmutations | 1 2 3 |  3.0
Dodging        | 2 3 |  3.6
Stealth        | 2 3 |  3.7
Armour         | 1 2 |  2.8
Air Magic      | 1 2 |  2.7
Axes           | 1 2 |  2.6
Spellcasting   | 3 |  3.7
Poison Magic   | 4 |  4.8
Maces & Flails | |  0.4

Action                     |  1- 3 |  4- 6 |  7- 9 || total
---------------------------+-------+-------+-------++-------
  Melee: Club              |    46 |       |       ||    46
         Hand axe          |    52 |   181 |   128 ||   361
         Punch             |     1 |       |     2 ||     3
         Short sword       |       |       |    19 ||    19
  Throw: Dart              |       |     1 |     1 ||     2
   Cast: Sting             |    22 |    25 |    19 ||    66
         Poisonous Vapours |    10 |    19 |    26 ||    55
         Mephitic Cloud    |       |     1 |     3 ||     4
         Sandblast         |       |       |     3 ||     3
         Olgreb's Toxic Ra |       |       |     2 ||     2
    Use: Scroll            |     1 |     6 |     5 ||    12
         Potion            |       |     3 |     6 ||     9
   Stab: Sleeping          |     3 |     6 |       ||     9
 Armour: Robe              |    26 |    45 |    21 ||    92
         Skin              |       |       |     4 ||     4
  Dodge: Dodged            |    76 |   112 |   136 ||   324
